cohdb
Replays
Latest Replays
All Replays
Popular Replays
Top Player Replays
Match Explorer
How It Works
Community
CoH3 Stats
Reddit
Sign in to upload your games and track your stats! →
Sign in with Steam
Match 45750154
Unlisted
Match 45750154
Overview
Messages
Build Orders
End
Selects Australian Defense Battlegroup
Selects Australian Light Infantry Section
Australian Light Infantry Section
Vickers Machine Gun Team
Australian Light Infantry Section
Construct Section Command Post
Infantry Section
Selects Defensive Tactics
Construct Platoon Command Post
Humber Armored Car
6-pounder Anti-tank Gun Team
Construct Field Infirmary
6-pounder Anti-tank Gun Team
Selects CMP 15cwt Supply Run
Selects Reinforced Resource Caches
Vickers Machine Gun Team
F4lcon
Mael Radec
0
0
Comments
sign in to comment!
No comments posted yet!